 Dungeon Crawl Stone Soup version 0.31.0-32-g396128a36d (webtiles) character file.

Game seed: 13458972371080072080

595 IronicMoniker the Trooper (level 7, -1/50 HPs)
             Began as an Octopode Shapeshifter on Apr 6, 2024.
             Killed from afar by Eustachio (13 damage)
             ... with a puff of flame
             ... on level 4 of the Dungeon.
             The game lasted 00:05:16 (3975 turns).

IronicMoniker the Trooper (Octopode Shapeshifter)   Turns: 3975, Time: 00:05:16

Health: -1/50      AC:  1    Str: 13    XL:     7   Next: 40%
Magic:  7/7        EV: 13    Int: 20    God:
Gold:   271        SH:  0    Dex: 12    Spells: 6/6 levels left

rFire   . . .        p - +2 dagger (venom)
rCold   . . .        (no shield)
rNeg    . . .        (helmet currently unavailable)
rPois   .            k - amulet of magic regeneration
rElec   .            I - +6 ring of intelligence
rCorr   .            (no ring)
SInv    .            (no ring)
Will    .....        (no ring)
Stlth   +++          (no ring)
HPRegen 0.28/turn    (no ring)
MPRegen 0.50/turn    (no ring)
                     (no ring)

%: no passive effects
@: beast-form
A: beast (slay +3), almost no armour, amphibious, 8 rings, camouflage 1,
gelatinous body 1, (nimble swimmer 1), tentacles
a: Begin Untransformation


You were on level 4 of the Dungeon.
You were a hulking beast.
You visited 1 branch of the dungeon, and saw 4 of its levels.

You collected 271 gold pieces.


Innate Abilities, Weirdness & Mutations

You are a hulking beast.
Your limbs bulge with bestial killing power. (Slay +3)
You cannot wear most types of armour.
You are amphibious.
You can wear up to eight rings at the same time.
Your skin changes colour to match your surroundings (Stealth+).
Your rubbery body absorbs attacks. (AC +1, EV +1)
((You are camouflaged when in or above water. (Stealth+)))
You have tentacles for arms and can constrict up to eight enemies at once.


   Skills:
 + Level 5.6 Fighting
 - Level 2.0 Dodging
 - Level 2.0 Stealth
 - Level 3.0 Unarmed Combat
 + Level 5.5 Shapeshifting


You had 6 spell levels left.
You didn't know any spells.
Your spell library contained the following spells:

 Spells                   Type           Power      Damage    Failure   Level
 Blink                    Tloc           0%         N/A       28%         2
 Lesser Beckoning         Tloc           0%         N/A       28%         2
 Momentum Strike          Conj/Tloc      0%         3d8       28%         2

Inventory:

Hand Weapons
 p - a +2 dagger of venom (weapon)
 t - a +2 short sword of draining
Jewellery
 k - an amulet of magic regeneration (around mantle)
 I - a +6 ring of intelligence (left tentacle)
Talismans
 b - a beast talisman
 c - a flux talisman
Wands
 q - a wand of polymorph (4)
Scrolls
 e - a scroll of enchant armour {unknown}
 f - 2 scrolls of revelation {unknown}
 i - a scroll of acquirement {unknown}
 l - a scroll of noise {unknown}
 m - a scroll of identify {unknown}
 n - a scroll of brand weapon {unknown}
 r - a scroll of immolation {unknown}
Potions
 a - 2 potions of lignification
 d - a potion of enlightenment
 g - a potion of curing {unknown}
 h - a potion of heal wounds {@q2}
 j - 2 potions of haste {@q3}
 o - a potion of degeneration {unknown}
 s - a potion of magic

Dungeon Overview and Level Annotations

Branches:
Dungeon (4/15)
 Temple: D:4-7

Altars:

Annotations:
D:3 1 runed translucent door, yey's ghost, amateur DsGl
D:4 Eustachio

#.# #.# w.# #.# #.#
#.# #.# #.# #.# #.#
#.# #.# #.# #.#
#.####.# #.#
####...h†.#### #.#
#..@.........# #.#
#[##########.# #.#
#.......... #
######.###..########
............##
#####........#
#.####.#.# #.# #>#.#


You could see Eustachio (very poisoned).


Message History

The puff of flame hits you!
* * * LOW HITPOINT WARNING * * *
The water moccasin misses you.
You hit the water moccasin but do no damage.
The water moccasin looks as sick as possible!
The water moccasin is heavily wounded.
You constrict the water moccasin. The water moccasin closely misses you.
Unknown command.
You hit the water moccasin.
The water moccasin is severely wounded.
You constrict the water moccasin.
The water moccasin closely misses you. x2
You barely miss the water moccasin.
The water moccasin is severely wounded.
You constrict the water moccasin. The water moccasin barely misses you.
Eustachio hits you with a +0 falchion!
* * * LOW HITPOINT WARNING * * *
Unknown command.
You hit the water moccasin.
You kill the water moccasin!
Eustachio hits you with a +0 falchion.
* * * LOW HITPOINT WARNING * * *
Unknown command.
Eustachio casts a spell.
Eustachio blinks!
You see here a water moccasin corpse.
Unknown command.
You see here a water moccasin corpse.
Eustachio zaps a wand.
The puff of flame hits you!
You die...
Eustachio says, "Such is the fate of all honourless rascals."

Skill      XL: |  1  2  3  4  5  6 |
---------------+-------------------+-----
Fighting       | 2 3 4 5 |  5.6
Stealth        | 2 |  2.0
Shapeshifting  | 4 5 |  5.5
Dodging        | |  2.0
Unarmed Combat | |  3.0

Action                     |  1- 3 |  4- 6 |  7- 9 || total
---------------------------+-------+-------+-------++-------
  Melee: Unarmed           |    44 |    44 |       ||    88
         Constrict         |    14 |    30 |     4 ||    48
         Tentacles         |    13 |    24 |     4 ||    41
         Dagger            |       |    80 |    14 ||    94
         Punch             |       |     2 |       ||     2
    Use: Potion            |       |     5 |       ||     5
   Stab: Sleeping          |     5 |    20 |     1 ||    26
         Distracted        |       |     1 |     1 ||     2
 Armour: Skin              |     9 |    49 |     9 ||    67
  Dodge: Dodged            |    18 |    56 |     8 ||    82

Levels and vault maps discovered:
D:1:      saegor_arrival_fortress, layout_loops_ring, minmay_misc_feat_rows
D:2:      minmay_evil_eye, layout_loops_ring, minmay_rat_gold_closets,
          uniq_terence
D:3:      corexii_shack_village, layout_basic, ebering_ghost_reflecting_pool,
          uniq_ijyb
D:4:      layout_loops_ring, kennysheep_mini_moat, minmay_bent, uniq_eustachio

Notes
Turn   | Place    | Note
-------+----------+-------------------------------------------
     0 | D:1      | IronicMoniker the Octopode Shapeshifter began the quest for
                  | the Orb.
     0 | D:1      | Reached XP level 1. HP: 13/13 MP: 1/1
   119 | D:1      | Reached skill level 2 in Fighting
   119 | D:1      | Reached XP level 2. HP: 19/19 MP: 2/2
   560 | D:1      | Reached XP level 3. HP: 25/25 MP: 3/3
   808 | D:2      | Reached skill level 3 in Fighting
   808 | D:2      | Reached skill level 1 in Stealth
   849 | D:2      | Noticed Terence
   860 | D:2      | Killed Terence
   861 | D:2      | Reached skill level 2 in Stealth
   861 | D:2      | Reached XP level 4. HP: 5/31 MP: 4/4
  1907 | D:3      | Reached XP level 5. HP: 33/37 MP: 5/5
  2180 | D:3      | Found a runed translucent door.
  2183 | D:3      | Noticed yey's ghost (amateur DsGl)
  2398 | D:3      | Noticed Ijyb
  2406 | D:3      | Killed Ijyb
  2407 | D:3      | Reached skill level 4 in Fighting
  2607 | D:3      | Reached skill level 4 in Shapeshifting
  3160 | D:4      | Reached XP level 6. HP: 11/44 MP: 6/6
  3163 | D:4      | Identified a potion of resistance
  3163 | D:4      | HP: 4/44 [poisoned by a scorpion]
  3529 | D:4      | Noticed a black bear
  3534 | D:4      | Killed a black bear
  3735 | D:4      | Reached skill level 5 in Fighting
  3742 | D:4      | Reached skill level 5 in Shapeshifting
  3890 | D:4      | Reached XP level 7. HP: 50/50 MP: 7/7
  3958 | D:4      | Noticed Eustachio
  3975 | D:4      | Killed from afar by Eustachio

Vanquished Creatures
  A water moccasin (D:4)
  A black bear (D:4)
  A scorpion (D:4)
  A bombardier beetle (D:4)
  3 iguanas (D:4)
  An orc wizard (D:4)
  Ijyb (D:3)
  Terence (D:2)
  A sleepcap (D:3)
  5 adders
  2 ribbon worms (D:2)
  6 orcs
  4 ball pythons (D:1)
  2 bats (D:2)
  3 endoplasms
  3 giant cockroaches
  5 goblins
  13 hobgoblins
  5 jackals
  11 kobolds
  A frilled lizard (D:1)
  15 rats
86 creatures vanquished.

Table legend: (Time is in decaauts)
 A = Elapsed time spent in this place.
 B = Non-inter-level travel time spent in this place.
 C = Inter-level travel time spent in this place.
 D = Time resting spent in this place.
 E = Time spent auto-exploring this place.
 F = Levels seen in this place.
 G = Mean time per level.
                   A        B        C        D        E       F      G
               +--------+--------+--------+--------+--------+-----+--------+
         Total |   3950 |   3728 |    222 |    730 |   2465 |   4 |  987.5 |
       Dungeon |   3950 |   3728 |    222 |    730 |   2465 |   4 |  987.5 |
               +--------+--------+--------+--------+--------+-----+--------+

Top non-repeatable levels by time:
     D:3: 1412 daAuts
     D:2: 1118 daAuts
     D:1: 755 daAuts
     D:4: 664 daAuts

Table legend:
 A = Non-vault XP
 B = Vault XP
 C = Vault XP percentage of total XP
 D = Non-vault monster count
 E = Vault monster count
 F = Vault count percentage of total count
                 A         B        C        D         E       F
            +---------+---------+-------+---------+---------+-------
      Total |     618 |     232 |  27.3 |      55 |      31 |  36.0
            +---------+---------+-------+---------+---------+-------
        D:1 |      36 |       0 |   0.0 |      23 |       0 |   0.0
        D:2 |      52 |      46 |  46.9 |      17 |      10 |  37.0
        D:3 |      65 |      67 |  50.8 |       5 |      15 |  75.0
        D:4 |     465 |     119 |  20.4 |      10 |       6 |  37.5
            +---------+---------+-------+---------+---------+-------
